 Dungeon Crawl Stone Soup version 0.29.1-15-g9cfb28693d (webtiles) character file.

Game seed: 1002379186486086260

2333 redmage the Thaumaturge (level 10, -5/69 HPs)
             Began as a Meteoran Earth Elementalist on Oct 17, 2023.
             Was a Follower of Kikubaaqudgha.
             Slain by a yak (16 damage)
             ... on level 10 of the Dungeon.
             The game lasted 00:17:01 (1322 turns).

redmage the Thaumaturge (MeEE)                      Turns: 1322, Time: 00:17:02

Health: -5/69      AC:  4    Str: 12    XL:     10   Next: 1%
Magic:  10/25      EV: 12    Int: 24    God:    Kikubaaqudgha [*.....]
Gold:   236        SH:  0    Dex: 15    Spells: 20/30 levels left

rFire   + + .      SeeInvis +   v - +4 dagger (protect)
rCold   + . .      Faith    .   (no shield)
rNeg    . . .      Spirit   .   i - +2 robe {rC+}
rPois   .          Reflect  .   (no helmet)
rElec   .          Harm     .   (no cloak)
rCorr   .          Rampage  .   (no gloves)
Will    +....                   (no boots)
Stlth   +.........              (no amulet)
HPRegen 0.21/turn               s - ring of protection from fire
MPRegen 0.19/turn               f - ring of Xom's Full Attention {rF+ Str+2 Int+3 SInv}

@: slowed, glowing, very slow
A: sense surroundings 2, otherworldly, glowing, explore regen
a: Renounce Religion, Unearth Wretches


You were on level 10 of the Dungeon.
You worshipped Kikubaaqudgha.
Kikubaaqudgha was aware of your devotion.
You visited 2 branches of the dungeon, and saw 11 of its levels.

You collected 236 gold pieces.

Inventory:

Hand Weapons
 l - the +6 falchion of Slime {antimagic, rF- Int+4 SInv Stlth+}
   (You found it on level 4 of the Dungeon)

   It reduces the magical energy of the wielder, and disrupts the spells and
   magical abilities of those it strikes.
   Natural abilities and divine invocations are not affected.
   Int:       It affects your intelligence (+4).
   rF:        It makes you vulnerable to fire.
   SInv:      It lets you see invisible.
   Stlth:     It makes you more stealthy.
 v - a +4 dagger of protection (weapon)
Missiles
 c - 11 boomerangs
 g - a throwing net
Armour
 i - a +2 robe of cold resistance (worn)
Jewellery
 f - the ring of Xom's Full Attention (right hand) {rF+ Str+2 Int+3 SInv}
   (You acquired it on level 9 of the Dungeon)

   [ring of see invisible]

   Str:       It affects your strength (+2).
   Int:       It affects your intelligence (+3).
   rF:        It protects you from fire.
   SInv:      It lets you see invisible.
 s - a ring of protection from fire (left hand)
Scrolls
 a - a scroll of amnesia
Potions
 b - 2 potions of magic
 d - a potion of attraction {unknown}
 e - a potion of ambrosia {unknown}
 k - 2 potions of brilliance {unknown}
 m - a potion of might {unknown}
 p - 3 potions of heal wounds {unknown}
 r - a potion of invisibility {unknown}
 t - 3 potions of flight {unknown}
 u - a potion of curing {unknown}


   Skills:
 - Level 2.4 Dodging
 - Level 1.4 Stealth
 + Level 10.6 Spellcasting
 - Level 4.0 Conjurations
 + Level 5.8 Necromancy
 - Level 1.2 Transmutations
 - Level 8.0 Earth Magic


You had 20 spell levels left.
You knew the following spells:

 Your Spells              Type           Power      Damage    Failure   Level
a - Sandblast             Erth           100%       2d20      1%          1
b - Passwall              Tmut/Erth      28%        N/A       1%          2
c - Stone Arrow           Conj/Erth      82%        3d12      1%          3
d - Animate Dead          Necr           40%        N/A       4%          4

Your spell library contained the following spells:

 Spells                   Type           Power      Damage    Failure   Level
 Necrotise                Necr           100%       1d9       1%          1
 Vampiric Draining        Necr           40%        2d8       1%          3
 Beastly Appendage        Tmut           36%        N/A       3%          1
 Wereblood                Tmut           18%        N/A       4%          2
 Petrify                  Tmut/Erth      34%        N/A       8%          4
 Spider Form              Tmut/Pois      15%        N/A       12%         3
 Anguish                  Hex/Necr       13%        N/A       14%         4


Dungeon Overview and Level Annotations

Branches:
Dungeon (10/15) Zot: 4663  Temple (1/1) D:4 Zot: 554
   Lair: D:8-11         Orc: D:9-12

Altars:
Ashenzari
Dithmenos
Gozag
Kikubaaqudgha
Makhleb
Qazlal
Ru
Sif Muna
Trog
Wu Jian
Yredelemnul
Zin

Shops:
D:3 =

Annotations:
D:4 2 runed translucent doors, croobank's ghost, amateur DgFE
D:5 1 transporter


Innate Abilities, Weirdness & Mutations

You passively map the area around you.
You are easily found by Zot.
You glow in the dark.
You regain HP and MP as you explore.


Message History

Press: ? - help, Shift-Dir - straight line, f/p - wraith
Aim: a wraith (severely damaged, 76% to hit)
The stone arrow hits the wraith.
The wraith is severely damaged.
The wraith hits you.
* * * LOW HITPOINT WARNING * * *
The wraith drains your vigour!
You feel as though you will be slow longer.
The wraith misses you.
Casting: Stone Arrow (safe; 1% risk of failure)
Confirm with . or Enter, or press ? or * to list all spells.
Aiming: Stone Arrow (safe; 1% risk of failure)
Press: ? - help, Shift-Dir - straight line, f/p - wraith
Aim: a wraith (severely damaged, 76% to hit)
The stone arrow hits the wraith!
You destroy the wraith!
Kikubaaqudgha accepts your kill.
You have reached level 10!
Aiming: Fastroot
Press: ? - help, Shift-Dir - straight line, f - yak
Aim: a yak The roots erupt in riotous growth!
Roots grab the yak. x2
The grasping roots constrict the yak.
The grasping roots constrict the yak!
The roots release their grip on the yak. x2
The yak closely misses you. The yak completely misses you.
Unknown command.
You don't have any such object.
Evoke which item? (* to show all) (? for menu, Esc to quit)
You don't have any such object.
Evoke which item? (* to show all) (? for menu, Esc to quit)
Aiming: Fastroot
Press: ? - help, Shift-Dir - straight line, f/p - yak
Aim: a yak (lightly wounded)
The roots erupt in riotous growth!
Roots grab the yak. x2
The now-empty wand crumbles to dust.
The grasping roots constrict the yak. x2
The yak gores you!
You die...
Kikubaaqudgha rasps: "You have failed me!
Welcome... death!"

* ,
.....[....,#*#Y.......
.......#.# #........ *
****#...., #........ *
#... #........ *
#..#######........ *
#................. ,*
#Y.....).)........ *
#Y########........ *
#@# #)....... ,* #.#
#........ , , #.#
#........ , #.#
#........ * #.#
#........ * #.#
#........ * #.#
#........ * ,, #.#
#.<...... , #........


You could see 2 yaks.

Vanquished Creatures
  4 yaks (D:10)
  A wraith (D:10)
  A steam dragon (D:6)
  An orc warrior (D:10)
  An ice beast (D:6)
  A black bear (D:7)
  A sky beast (D:7)
  3 centaurs
  A phantom (D:5)
  3 bullfrogs
  A scorpion (D:7)
  3 howler monkeys (D:7)
  5 orc priests
  4 jellies
  4 orc wizards
  An adder (D:3)
  3 shadow imps
  A white imp (D:4)
  19 orcs
  2 bats
  An endoplasm (D:1)
  A giant cockroach (D:2)
  3 hobgoblins
  A jackal (D:2)
  2 quokkas
  4 ball pythons
  2 frilled lizards (D:2)
  3 goblins
  2 kobolds
  A rat (D:3)
80 creatures vanquished.

Notes
Turn   | Place    | Note
-------+----------+-------------------------------------------
     0 | D:1      | redmage the Meteoran Earth Elementalist began the quest for
                  | the Orb.
     0 | D:1      | Reached XP level 1. HP: 14/14 MP: 5/5
     6 | D:1      | Noticed an iguana
     6 | D:1      | Noticed a swamp worm
     6 | D:1      | Noticed a rime drake
     6 | D:1      | Noticed a black bear
    89 | D:2      | Reached skill level 3 in Spellcasting
    89 | D:2      | Reached XP level 2. HP: 20/20 MP: 4/7
   104 | D:2      | Learned a level 2 spell: Passwall
   178 | D:1      | Reached XP level 3. HP: 26/26 MP: 5/8
   182 | D:1      | Learned a level 3 spell: Stone Arrow
   212 | D:3      | Found Luoze's Jewellery Boutique.
   268 | D:4      | Found a staircase to the Ecumenical Temple.
   276 | Temple   | Entered the Ecumenical Temple
   297 | Temple   | Became a worshipper of Kikubaaqudgha
   335 | D:4      | Reached skill level 1 in Conjurations
   335 | D:4      | Identified the +6 falchion of Slime {antimagic, rF- Int+4
                  | SInv Stlth+}
   346 | D:4      | Found a large runed translucent door.
   346 | D:4      | Found a large runed translucent door.
   348 | D:4      | Noticed croobank's ghost (amateur DgFE)
   382 | D:5      | Entered Level 5 of the Dungeon
   386 | D:4      | Reached XP level 4. HP: 18/33 MP: 8/10
   419 | D:5      | Found a transporter.
   422 | D:5      | Reached skill level 4 in Spellcasting
   425 | D:4      | Reached XP level 5. HP: 30/38 MP: 7/12
   444 | D:5      | Noticed a phantom
   450 | D:5      | Killed a phantom
   451 | D:5      | Reached skill level 5 in Earth Magic
   451 | D:5      | Reached XP level 6. HP: 38/45 MP: 9/14
   455 | D:6      | Noticed a centaur
   460 | D:6      | Killed a centaur
   461 | D:6      | Reached skill level 5 in Spellcasting
   504 | D:6      | Noticed a centaur
   507 | D:6      | Killed a centaur
   508 | D:6      | Reached XP level 7. HP: 39/50 MP: 12/16
   521 | D:6      | Noticed a steam dragon
   535 | D:6      | Killed a steam dragon
   536 | D:6      | Reached skill level 6 in Spellcasting
   586 | D:6      | Reached XP level 8. HP: 57/57 MP: 11/18
   853 | D:7      | Reached skill level 7 in Spellcasting
   933 | D:7      | Reached * piety under Kikubaaqudgha
   933 | D:7      | Received a gift from Kikubaaqudgha
   938 | D:7      | Reached skill level 8 in Spellcasting
   944 | D:7      | Learned a level 4 spell: Animate Dead
   953 | D:7      | Reached skill level 1 in Necromancy
   953 | D:7      | Gained mutation: You passively map the area around you.
                  | [Meteoran growth]
   953 | D:7      | Reached XP level 9. HP: 55/62 MP: 8/22
  1018 | D:7      | Reached skill level 9 in Spellcasting
  1043 | D:9      | Identified a scroll of acquirement
  1043 | D:9      | Acquired the ring of Xom's Full Attention {rF+ Str+2 Int+3
                  | SInv}
  1118 | D:10     | Entered Level 10 of the Dungeon
  1145 | D:10     | Reached skill level 10 in Spellcasting
  1252 | D:10     | Reached skill level 5 in Necromancy
  1321 | D:10     | Reached XP level 10. HP: 10/69 MP: 10/25
  1322 | D:10     | Slain by a yak

Illustrated notes

Levels and vault maps discovered:
D:1:      onia_arrival_zoo_common, layout_rooms, minmay_tree_intersection,
          hex_large, hex_medium, minmay_misc_feat_cross, minmay_misc_feat_x,
          minmay_tetromino_t2
D:2:      minmay_recursive_quarters, layout_rooms
D:3:      layout_rooms, mainiacjoe_overflow_surrounded_room, serial_shops,
          shop_fountains, chequers_serial_rivers_micro_e
D:4:      minmay_razor_zed, layout_cave_pools, minmay_temple_entry_ruins,
          ebering_ghost_disaster_area, minmay_misc_feat_tiny
D:5:      layout_rooms, gammafunk_ghost_abyssal_escape, serial_bayou_crossing,
          uniq_duvessa
D:6:      layout_cave_pools, minmay_misc_feat_hallway, roderic_roman_lattice
D:7:      layout_basic, lightli_minifort
D:8:      minmay_quarter_circles, layout_loops_ring,
          mainiacjoe_overflow_concentric_impassable, dpeg_lair_monsters
D:9:      gammafunk_corrupted_shrine, layout_basic,
          chequers_serial_rivers_small_a, minmay_unpleasant_kobolds
D:10:     layout_long_grid, hex_tiny
Temple:   nicolae_temple_bog_church

Skill      XL: |  1  2  3  4  5  6  7  8  9 |
---------------+----------------------------+-----
Spellcasting   | 3 4 5 6 8 10 | 10.6
Earth Magic    | 4 5 7 8 |  8.0
Conjurations   | 1 2 3 4 |  4.0
Necromancy     | 1 5 |  5.8
Dodging        | |  2.4
Stealth        | |  1.4
Transmutations | |  1.2

Action                   |  1- 3 |  4- 6 |  7- 9 | 10-12 || total
-------------------------+-------+-------+-------+-------++-------
Melee: Unarmed           |     5 |       |       |       ||     5
       Punch             |     1 |       |       |       ||     1
       Falchion          |       |       |    11 |       ||    11
       Dagger            |       |       |     1 |       ||     1
 Cast: Sandblast         |    31 |    12 |    48 |       ||    91
       Passwall          |     1 |       |    11 |       ||    12
       Stone Arrow       |       |     2 |    41 |       ||    43
Evoke: Wand              |       |       |     1 |     2 ||     3
  Use: Scroll            |       |       |     7 |       ||     7
Armor: Robe              |     6 |       |    23 |       ||    29
Dodge: Dodged            |    16 |     3 |    36 |     2 ||    57
